 Dungeon Crawl Stone Soup version 0.28.0 (webtiles) character file.

Game seed: 14078457046227085516

413 browni3141 the Skirmisher (level 6, -2/56 HPs)
             Began as a Minotaur Berserker on Feb 11, 2022.
             Was a Believer of Trog.
             Slain by a bullfrog (5 damage)
             ... on level 4 of the Dungeon.
             The game lasted 00:01:52 (3446 turns).

browni3141 the Skirmisher (Minotaur Berserker)      Turns: 3446, Time: 00:01:53

Health: -2/56      AC:  6    Str: 22    XL:     6   Next: 59%
Magic:  5/5        EV: 13    Int:  4    God:    Trog [**....]
Gold:   166        SH:  0    Dex: 11    Spells: 5/5 levels left

rFire   . . .      SeeInvis .   i - +0 war axe
rCold   . . .      Faith    .   (no shield)
rNeg    . . .      Spirit   .   b - +0 animal skin
rPois   .          Reflect  .   (helmet restricted)
rElec   .          Harm     .   (no cloak)
rCorr   .          Rampage  .   (no gloves)
Will    .....                   (no boots)
Stlth   +.........              (no amulet)
HPRegen 0.18/turn               g - +4 ring of protection
MPRegen 0.09/turn               (no ring)

@: on berserk cooldown, slowed, very slow
A: horns 2, retaliatory headbutt
a: Renounce Religion, Berserk, Trog's Hand


You were on level 4 of the Dungeon.
You worshipped Trog.
Trog was pleased with you.
You visited 1 branch of the dungeon, and saw 4 of its levels.

You collected 166 gold pieces.

Inventory:

Hand Weapons
 a - a +0 hand axe
 i - a +0 war axe (weapon)
Armour
 b - a +0 animal skin (worn)
Jewellery
 g - a +4 ring of protection (left hand)
 k - a ring of fire
Wands
 t - a wand of iceblast (8)
Scrolls
 c - 6 scrolls of identify {unknown}
 l - a scroll of teleportation {unknown}
 m - a scroll of enchant armour {unknown}
 n - 2 scrolls of vulnerability {unknown}
 o - a scroll of fear {unknown}
 p - a scroll of amnesia {unknown}
 q - 2 scrolls of fog {unknown}
 r - a scroll of holy word {unknown}
 s - a scroll of immolation {unknown}
Potions
 d - a potion of brilliance {unknown}
 e - a potion of flight {unknown}
 f - a potion of ambrosia {unknown}
 h - 2 potions of haste {unknown}
 j - 2 potions of curing {unknown}


   Skills:
 + Level 5.4 Fighting
 + Level 5.4 Axes
 + Level 4.8 Armour
 + Level 4.2 Dodging


You had 5 spell levels left.
You didn't know any spells.
Your spell library was empty.

Dungeon Overview and Level Annotations

Branches:
Dungeon (4/15)
 Temple: D:4-7

Altars:

Shops:
D:1 *


Innate Abilities, Weirdness & Mutations

You have a pair of horns on your head.
You reflexively headbutt those who attack you in melee.


Message History

You closely miss the kobold.
You feel sick.
You closely miss the wight. Your headbutt misses the wight.
The wight is moderately damaged.
You slash the kobold!
You kill the kobold!
Trog accepts your kill.
You closely miss the wight.
You feel sick. The wight closely misses you.
The wight hits you with a +0 scimitar.
* * * LOW HITPOINT WARNING * * *
You are too injured to fight recklessly!
You are too injured to fight recklessly!
You are too injured to fight recklessly!
You are too injured to fight recklessly!
You slice the wight!!
You destroy the wight!
Trog accepts your kill.
You slash the wight! The wight hits you with a +0 scimitar!
* * * LOW HITPOINT WARNING * * *
You feel drained.
* * * LOW HITPOINT WARNING * * *
Your life force feels restored.
You slash the wight!
You destroy the wight!
Trog accepts your kill.
You feel sick.
You are no longer poisoned.
Unknown command.
Found 12 stones.
The bullfrog misses you.
Things that are here:
a +0 short sword; a +0 giant club You barely miss the bullfrog.
You are no longer berserk.
You are exhausted.
You feel yourself slow down. The bullfrog hits you.
* * * LOW HITPOINT WARNING * * *
You closely miss the bullfrog.
You headbutt the bullfrog, but do no damage.
The bullfrog hits you but does no damage.
The bullfrog hits you.
You die...

#....(.....
#.........#
#..(......#
#.........#
.#.........#
.........>.#
.#.....F...#
......z@)..#
##....))...#.#.
.............###
##.#########?...
.. #.. # #


You could see a bullfrog and a wight.

Vanquished Creatures
  An ogre (D:4)
  A scorpion (D:4)
  2 wights (D:4)
  A hound (D:3)
  4 gnolls
  5 adders
  A worm (D:2)
  2 dart slugs
  3 orcs
  5 bats
  8 endoplasms
  4 goblins
  8 hobgoblins
  5 quokkas
  3 ball pythons
  4 frilled lizards
  10 kobolds
  5 rats
72 creatures vanquished.

Vanquished Creatures (others)
  A plant (D:1)
1 creature vanquished.

Grand Total: 73 creatures vanquished

Notes
Turn   | Place    | Note
-------+----------+-------------------------------------------
     0 | D:1      | browni3141 the Minotaur Berserker began the quest for the
                  | Orb.
     0 | D:1      | Reached XP level 1. HP: 19/19 MP: 0/0
   410 | D:1      | Found Oppiop's Assorted Antiques.
   487 | D:1      | Reached XP level 2. HP: 27/27 MP: 1/1
   950 | D:1      | Found a faded altar of an unknown god.
  1027 | D:1      | Reached XP level 3. HP: 25/33 MP: 2/2
  1213 | D:1      | Reached ** piety under Trog
  1776 | D:2      | Reached XP level 4. HP: 40/40 MP: 3/3
  2870 | D:3      | Reached XP level 5. HP: 46/47 MP: 4/4
  3429 | D:4      | Noticed an ogre
  3438 | D:4      | Reached skill level 5 in Fighting
  3438 | D:4      | Reached skill level 5 in Axes
  3438 | D:4      | Killed an ogre
  3439 | D:4      | Reached XP level 6. HP: 33/56 MP: 5/5
  3446 | D:4      | Slain by a bullfrog

Illustrated notes

Levels and vault maps discovered:
D:1:      minmay_arrival_stair_chambers, layout_loops_cross,
          chequers_ecumenical_altar_lobes, serial_shops, shop,
          kennysheep_crisscross, hangedman_decor_points, serial_bayou_pond_b
D:2:      layout_basic, minmay_circle_x
D:3:      layout_basic, minmay_fractal_squares_gapless_5
D:4:      layout_basic, amcnicky_altar_gilded

Skill      XL: |  1  2  3  4  5 |
---------------+----------------+-----
Axes           | 4 5 |  5.4
Fighting       | 4 5 |  5.4
Armour         | 3 4 |  4.8
Dodging        | 3 4 |  4.2

Action                   |  1- 3 |  4- 6 || total
-------------------------+-------+-------++-------
Melee: Hand axe          |    68 |       ||    68
       Headbutt          |     7 |     8 ||    15
       Punch             |     1 |       ||     1
       War axe           |     6 |    62 ||    68
Invok: Berserk           |       |     3 ||     3
 Stab: Sleeping          |       |     2 ||     2
Armor: Animal skin       |    21 |    23 ||    44
Dodge: Dodged            |    68 |    43 ||   111
